 Dungeon Crawl Stone Soup version 0.28.0-49-g6dfe1f597d (webtiles) character file.

Game seed: 14381007640242692793

74 Zeld the Chopper (level 4, -5/41 HPs)
             Began as a Minotaur Berserker on May 11, 2022.
             Was a Follower of Trog.
             Slain by a gnoll
             ... wielding a +0 halberd
              (13 damage)
             ... on level 2 of the Dungeon.
             The game lasted 00:01:23 (1599 turns).

Zeld the Chopper (Minotaur Berserker)               Turns: 1599, Time: 00:01:24

Health: -5/41      AC:  2    Str: 24    XL:     4   Next: 9%
Magic:  3/3        EV: 12    Int:  4    God:    Trog [*.....]
Gold:   49         SH:  0    Dex:  9    Spells: 3/3 levels left

rFire   . . .      SeeInvis .   a - +0 hand axe
rCold   . . .      Faith    .   (no shield)
rNeg    . . .      Spirit   .   b - +0 animal skin
rPois   .          Reflect  .   (helmet restricted)
rElec   .          Harm     .   (no cloak)
rCorr   .          Rampage  .   (no gloves)
Will    .....                   (no boots)
Stlth   +.........              (no amulet)
HPRegen 0.13/turn               (no ring)
MPRegen 0.08/turn               (no ring)

@: no status effects
A: horns 2, retaliatory headbutt
a: Renounce Religion, Berserk


You were on level 2 of the Dungeon.
You worshipped Trog.
Trog was aware of your devotion.
You visited 1 branch of the dungeon, and saw 2 of its levels.

You collected 49 gold pieces.

Inventory:

Hand Weapons
 a - a +0 hand axe (weapon)
Armour
 b - a +0 animal skin (worn)
Scrolls
 c - a scroll of identify {unknown}
 e - a scroll of teleportation {unknown}
 f - a scroll of fog {unknown}
Potions
 d - 2 potions of heal wounds {unknown}
 g - a potion of mutation {unknown}


   Skills:
 * Level 4.5 Fighting
 * Level 4.6 Axes
 + Level 3.0 Armour
 + Level 2.7 Dodging


You had 3 spell levels left.
You didn't know any spells.
Your spell library was empty.

Dungeon Overview and Level Annotations

Branches:
Dungeon (2/15)

Altars:


Innate Abilities, Weirdness & Mutations

You have a pair of horns on your head.
You reflexively headbutt those who attack you in melee.


Message History

The gnoll closely misses you.
There is a stone staircase leading up here.
The gnoll hits you from afar with a +0 halberd.
You climb upwards.
There is a stone staircase leading down here.
You start resting.
HP restored.
You climb downwards.
The gnoll closely misses you.
There is a stone staircase leading up here.
You hit the gnoll.
The gnoll is lightly wounded.
The gnoll misses you.
You barely miss the gnoll.
The gnoll is lightly wounded.
The gnoll barely misses you.
You slash the gnoll!
The gnoll is severely wounded.
The gnoll hits you with a +0 spear.
You slash the gnoll!
You kill the gnoll!
Trog accepts your kill.
You have reached level 4!
You feel stronger. The gnoll hits you with a +0 halberd!
Things that are here:
a +0 spear; a +0 dagger; a goblin skeleton You are too injured to fight recklessly!
You hit the gnoll but do no damage. The gnoll misses you.
You furiously retaliate!
You headbutt the gnoll. The gnoll closely misses you.
You are too injured to fight recklessly!
You hit the gnoll. Your headbutt misses the gnoll.
The gnoll is severely wounded.
The gnoll hits you with a +0 halberd!
* * * LOW HITPOINT WARNING * * *
You are too injured to fight recklessly!
You are too injured to fight recklessly!
You completely miss the gnoll.
The gnoll is severely wounded.
The gnoll hits you with a +0 halberd!
You die...

###....###.##.#.#.#
#.............#.#.####
####.#g###...........#
#.#.###....#.#.##.#
+.#..##....#.#.##.#
###..##....#.#.##.# #.
###)#####.#.#.##.#
#...##<#..####.#.#.().#
#......@g>.........####
####.#.##.....###..#
#.#.##.###.# #..#####
##.#.##.###.###.......
..................####
.#......###:.###..#
######.# #..###..####
#.# #........... #.#
#..##...####


You could see a gnoll.

Vanquished Creatures
  3 gnolls
  2 adders (D:2)
  2 dart slugs (D:1)
  2 bats
  An endoplasm (D:1)
  A giant cockroach (D:2)
  2 goblins (D:2)
  3 hobgoblins (D:1)
  4 kobolds
  A quokka (D:1)
  2 ball pythons (D:1)
  4 rats
27 creatures vanquished.

Notes
Turn   | Place    | Note
-------+----------+-------------------------------------------
     0 | D:1      | Zeld the Minotaur Berserker began the quest for the Orb.
     0 | D:1      | Reached XP level 1. HP: 19/19 MP: 0/0
    33 | D:1      | Reached XP level 2. HP: 27/27 MP: 1/1
   166 | D:1      | Found a faded altar of an unknown god.
   337 | D:1      | Reached XP level 3. HP: 33/33 MP: 2/2
  1596 | D:2      | Reached XP level 4. HP: 34/41 MP: 3/3
  1599 | D:2      | Slain by a gnoll

Illustrated notes

Levels and vault maps discovered:
D:1:      dpeg_arrival_another_circle, layout_basic, basic_ecumenical_altar,
          minmay_unequal
D:2:      layout_basic, basic_altar, minmay_misc_feat_diagonals,
          hangedman_abyss_or_decor_lesser_grid

Skill      XL: |  1  2  3 |
---------------+----------+-----
Fighting       | 4 |  4.5
Axes           | 4 |  4.6
Armour         | 3 |  3.0
Dodging        | |  2.7

Action                   |  1- 3 |  4- 6 || total
-------------------------+-------+-------++-------
Melee: Hand axe          |    60 |     3 ||    63
       Headbutt          |     5 |       ||     5
Invok: Berserk           |     1 |       ||     1
Armor: Animal skin       |     6 |       ||     6
Dodge: Dodged            |    53 |     2 ||    55
